 Dungeon Crawl Stone Soup version 0.32-a0-931-g5a2cda0630 (webtiles) character file.

Game seed: 12864144143659182999

17 GiantSquids the Ruffian (level 2, -3/18 HPs)
             Began as an Octopode Shapeshifter on Apr 13, 2024.
             Slain by a goblin
             ... wielding a +0 club
              (5 damage)
             ... on level 2 of the Dungeon.
             The game lasted 00:01:22 (623 turns).

GiantSquids the Ruffian (Octopode Shapeshifter)      Turns: 623, Time: 00:01:23

Health: -3/18      AC:  1    Str: 13    XL:     2   Next: 62%
Magic:  2/2        EV: 12    Int: 12    God:
Gold:   75         SH:  0    Dex: 11    Spells: 1/1 levels left

rFire   . .          .
                       - Unarmed
rCold   . . .        (no shield)
rNeg    . . .        (helmet currently unavailable)
rPois   .            (no amulet)
rElec   .            (no ring)
rCorr   .            (no ring)
SInv    .            (no ring)
Will    .....        (no ring)
Stlth   ++           (no ring)
HPRegen 0.23/turn    (no ring)
MPRegen 0.08/turn    (no ring)
                     (no ring)

%: no passive effects
@: lethally poisoned (-3 -> -5), beast-form
A: beast (slay +1), almost no armour, amphibious, 8 rings, camouflage 1,
gelatinous body 1, (nimble swimmer 1), tentacles
a: Begin Untransformation


You were on level 2 of the Dungeon.
You were a hulking beast.
You visited 1 branch of the dungeon, and saw 2 of its levels.

You collected 75 gold pieces.

Inventory:

Talismans
 b - a beast talisman (active)
 c - a flux talisman
 f - a blade talisman
Scrolls
 d - 3 scrolls of identify {unknown}
Potions
 a - 2 potions of lignification
 e - 2 potions of curing {unknown}


   Skills:
 - Level 1.0 Fighting
 - Level 2.0 Dodging
 + Level 3.9 Unarmed Combat
 - Level 3.0 Shapeshifting


You had one spell level left.
You didn't know any spells.
Your spell library contained the following spells:

 Spells                   Type           Power      Damage    Failure   Level
 Leda's Liquefaction      Alch/Erth      0%         N/A       97%         4
 Petrify                  Alch/Erth      0%         N/A       97%         4
 Haunt                    Necr/Summ      0%         N/A       100%        7


Dungeon Overview and Level Annotations

Branches:
Dungeon (2/15)

Altars:


Innate Abilities, Weirdness & Mutations

You are a hulking beast.
Your limbs bulge with bestial killing power. (Slay +1)
You cannot wear most types of armour.
You are amphibious.
You can wear up to eight rings at the same time.
Your skin changes colour to match your surroundings (Stealth+).
Your rubbery body absorbs attacks. (AC +1, EV +1)
((You are camouflaged when in or above water. (Stealth+)))
You have tentacles for arms and can constrict up to eight enemies at once.


Message History

Found a leather armour.
The rat misses you.
There is a stone staircase leading down here.
You bludgeon the rat!
You kill the rat!
No target in view!
A ball python comes into view.
The ball python hisses angrily.
A ball python is nearby!
Found 8 gold pieces.
You see here a staff of alchemy.
An adder and a ribbon worm come into view.
You see here an amethyst potion.
e - 2 amethyst potions (gained 1)
You tentacle-slap the ball python.
You kill the ball python!
An adder comes into view.
The adder moves out of view.
A goblin comes into view. It is wielding a +0 club.
The goblin shouts!
The adder bites you.
You closely miss the adder. Your grab misses the adder. The adder bites you.
The adder misses you.
You barely miss the adder. Your grab misses the adder. The adder misses you.
You closely miss the adder. Your grab misses the adder. The adder bites you.
You are poisoned.
The adder poisons you!
You tentacle-slap the adder. Your grab misses the adder.
The adder is heavily wounded.
You feel sick. The adder bites you but does no damage.
The ribbon worm bites you.
* * * LOW HITPOINT WARNING * * *
You tentacle-slap the adder. You grab the adder.
The adder is almost dead.
You constrict the adder.
You kill the adder!
* * * LOW HITPOINT WARNING * * *
You feel sick.
A bat comes into view.
The ribbon worm barely misses you. The goblin hits you with a +0 club.
You die...

.. # .# ..# .##... ..##
###...... ... ##$...# .
. #.######.g# ... ...
#..#...wh## ...#..
....#
#.....######.#.#..
......##..#....#...#...
#S...|#####...##...
#.##.#####...##..#
.......†>.##..#
#..[...###.<..#
#.............##
....w.#######..#


You could see a ribbon worm and a goblin.

Vanquished Creatures
  An adder (D:2)
  A ball python (D:2)
  4 hobgoblins (D:1)
  3 bats (D:1)
  5 frilled lizards (D:1)
  2 goblins (D:1)
  A kobold (D:1)
  3 rats
20 creatures vanquished.

Notes
Turn   | Place    | Note
-------+----------+-------------------------------------------
     0 | D:1      | GiantSquids the Octopode Shapeshifter began the quest for
                  | the Orb.
     0 | D:1      | Reached XP level 1. HP: 13/13 MP: 1/1
    67 | D:1      | Reached XP level 2. HP: 18/18 MP: 2/2
   142 | D:1      | Got the Book of the Rocky Crypt
   241 | D:1      | You fall into a shaft and drop 1 floor!
   623 | D:2      | Slain by a goblin

Illustrated notes

Levels and vault maps discovered:
D:1:      shiori_arrival_oz, layout_basic
D:2:      layout_rooms, dreamdust_ecumenical_altar_sealed_demon

Action                     || total
---------------------------++-------
  Melee: Unarmed           ||    35
         Constrict         ||    10
         Tentacles         ||     6
   Stab: Sleeping          ||     2
 Armour: Skin              ||    15
  Dodge: Dodged            ||    18

Table legend: (Time is in decaauts)
 A = Elapsed time spent in this place.
 B = Non-inter-level travel time spent in this place.
 C = Inter-level travel time spent in this place.
 D = Time resting spent in this place.
 E = Time spent auto-exploring this place.
 F = Levels seen in this place.
 G = Mean time per level.
                   A        B        C        D        E       F      G
               +--------+--------+--------+--------+--------+-----+--------+
         Total |    622 |    612 |     10 |      0 |    477 |   2 |  311.0 |
       Dungeon |    622 |    612 |     10 |      0 |    477 |   2 |  311.0 |
               +--------+--------+--------+--------+--------+-----+--------+

Top non-repeatable levels by time:
     D:1: 588 daAuts
     D:2: 33 daAuts
